 Dungeon Crawl Stone Soup version 0.31-a0-1469-gd420192249 (webtiles) character file.

Game seed: 3619462178319566550

1975 Lobster4 the Thaumaturge (level 9, -2/59 HPs)
             Began as a Mummy Necromancer on Dec 28, 2023.
             Was a Follower of Sif Muna.
             Slain by a black bear (7 damage)
             ... on level 7 of the Dungeon.
             The game lasted 00:24:06 (6655 turns).

Lobster4 the Thaumaturge (Mummy Necromancer)        Turns: 6655, Time: 00:24:06

Health: -2/59      AC:  5    Str: 11    XL:     9   Next: 0%
Magic:  16/30      EV: 12    Int: 18    God:    Sif Muna [*.....]
Gold:   354        SH:  0    Dex: 19    Spells: 16/24 levels left

rFire   x . .        n - +1 dagger (elec)
rCold   + . .        h - orb {light}
rNeg    + + +        o - +0 leather armour
rPois   ∞            (no helmet)
rElec   .            (no cloak)
rCorr   .            p - +1 pair of gloves
SInv    .            (no boots)
Will    +....        (no amulet)
Stlth   +            y - +6 ring of dexterity
HPRegen 0.29/turn    B - ring of magical power
MPRegen 0.22/turn

%: faith
@: animating dead, very slightly contaminated, glowing
A: cold resistance 1, negative energy resistance 3, torment resistance 2, heat
vulnerability 1, in touch with death 1, no potions, faith
a: Renounce Religion, Channel Magic


You were on level 7 of the Dungeon.
You worshipped Sif Muna.
Sif Muna was aware of your devotion.
You visited 1 branch of the dungeon, and saw 7 of its levels.

You collected 354 gold pieces.

Inventory:

Hand Weapons
 b - a +0 short sword
 f - a +2 dagger of venom
 l - a +0 sling
 m - a +3 war axe
 n - a +1 dagger of electrocution (weapon)
 t - a +2 spear of flaming
 x - a +4 short sword
Missiles
 u - a boomerang
 D - 4 datura-tipped darts
Armour
 a - a +0 robe
 h - an orb of light (worn)
 o - a +0 leather armour (worn)
 p - a +1 pair of gloves (worn)
 q - a scarf of shadows
Jewellery
 s - a ring of ice
 y - a +6 ring of dexterity (left hand)
 B - a ring of magical power (right hand)
Wands
 k - a wand of acid (4)
 C - a wand of digging (7)
 E - a wand of roots (5)
Scrolls
 c - a scroll of revelation
 d - a scroll of fog
 g - a scroll of torment
 i - a scroll of enchant armour
 j - a scroll of fear
 r - a scroll of silence
 v - 3 scrolls of teleportation
 w - a scroll of noise
 z - a scroll of amnesia {unknown}


   Skills:
 - Level 1.0 Fighting
 - Level 1.0 Short Blades
 - Level 3.0 Armour
 - Level 2.0 Dodging
 - Level 1.5 Stealth
 + Level 8.4 Spellcasting
 + Level 7.8 Necromancy
 - Level 3.0 Invocations
 - Level 3.0 Evocations


You had 16 spell levels left.
You knew the following spells:

 Your Spells              Type           Power      Damage    Failure   Level
a - Necrotise             Necr           100%       1d9       1%          1
b - Animate Dead          Necr           52%        N/A       4%          4
c - Vampiric Draining     Necr           52%        2d9       1%          3

Your spell library contained the following spells:

 Spells                   Type           Power      Damage    Failure   Level
 Summon Small Mammal      Summ           28%        N/A       12%         1
 Curse of Agony           Necr           52%        N/A       13%         5
 Ensorcelled Hibernation  Hex/Ice        14%        N/A       19%         2
 Call Canine Familiar     Summ           7%         N/A       34%         3
 Passwall                 Erth           7%         N/A       34%         3
 Sigil of Binding         Hex            7%         N/A       34%         3
 Swiftness                Air            7%         N/A       34%         3
 Dimensional Bullseye     Hex/Tloc       3%         N/A       75%         4
 Summon Blazeheart Golem  Fire/Summ      7%         N/A       75%         4


Dungeon Overview and Level Annotations

Branches:
Dungeon (7/15)
 Temple: D:4-7

Altars:
Ashenzari
Cheibriados
Fedhas
Kikubaaqudgha
Ru
Sif Muna
Xom

Annotations:
D:5 exclusion: bombardier beetle
D:6 Prince Ribbit


Innate Abilities, Weirdness & Mutations

You are immune to poison.
Your flesh is cold resistant. (rC+)
You are immune to negative energy. (rN+++)
You are immune to unholy pain and torment.
You are vulnerable to heat. (rF-)
You are in touch with the powers of death.
You do not drink.
You have a special connection with the divine. (Faith)


Message History

Aiming: Necrotise (safe; 1% risk of failure)
Press: ? - help, Shift-Dir - straight line, f/p - black bear
Aim: a black bear (severely wounded, berserk, haloed, chance to affect: 83%)
You feel a surge of power!
You miscast Necrotise.
You are very lightly contaminated with residual magic.
Nothing appears to happen.
The black bear bites you! The black bear barely misses you.
The black bear claws you.
Casting: Necrotise (safe; 1% risk of failure)
Confirm with . or Enter, or press ? or * to list all spells.
Aiming: Necrotise (safe; 1% risk of failure)
Press: ? - help, Shift-Dir - straight line, f/p - black bear
Aim: a black bear (severely wounded, berserk, haloed, chance to affect: 83%)
You feel a surge of power!
The black bear writhes in agony.
The black bear bites you! The black bear claws you.
The black bear claws you but does no damage.
The black bear bites you.
The black bear claws you but does no damage.
The black bear closely misses you.
Casting: Necrotise (safe; 1% risk of failure)
Confirm with . or Enter, or press ? or * to list all spells.
Aiming: Necrotise (safe; 1% risk of failure)
Press: ? - help, Shift-Dir - straight line, f/p - black bear
Aim: a black bear (almost dead, berserk, haloed, chance to affect: 83%)
You feel a surge of power!
The black bear barely resists.
The black bear bites you. The black bear claws you. x2
* * * LOW HITPOINT WARNING * * *
Casting: Necrotise (safe; 1% risk of failure)
Confirm with . or Enter, or press ? or * to list all spells.
You feel a surge of power!
You call upon the dead to rise.
The black bear closely misses you. The black bear misses you. x2
The black bear bites you!
* * * LOW HITPOINT WARNING * * *
The black bear misses you. The black bear claws you.
* * * LOW HITPOINT WARNING * * *
Unknown command.
Casting: Animate Dead (dangerous; 4% risk of failure)
Confirm with . or Enter, or press ? or * to list all spells.
You feel a surge of power!
You call upon the dead to rise.
The black bear bites you!
You die...

#.#####...#.#
#.. .⌠
#.....#.###.#
#.# .
#####.#...#.#
#.#.###
#.###.#.#
#.#...#
#####.# #.#.#
#.....#
#.....# #.#.#
#.# #.#####
#.#># #.# #.#
#.#.###h# #.#
#####.#....@#
#.#
#.....#######
#.###.#####
#.....#
#######


You could see a black bear (berserk).

Vanquished Creatures
  A two-headed ogre (D:6)
  Grinder (D:6)
  2 ogres
  A centaur (D:5)
  A phantom (D:6)
  A bullfrog (D:6)
  A scorpion (D:6)
  3 electric eels
  An orc priest (D:5)
  2 hounds (D:6)
  A jelly (D:3)
  A gnoll bouda (D:6)
  A sleepcap (D:5)
  An iguana (D:5)
  Natasha (thrice) (D:2)
  An orc wizard (D:3)
  Terence (D:2)
  8 gnolls
  3 adders
  A shadow imp (D:5)
  A worm (D:4)
  29 orcs
  8 ball pythons
  10 bats
  8 endoplasms
  6 giant cockroaches
  2 goblins
  7 hobgoblins
  4 jackals (D:2)
  8 kobolds
  2 quokkas
  7 frilled lizards
  6 rats
133 creatures vanquished.

Vanquished Creatures (collateral kills)
  An ogre (D:6)
  3 orcs
  A hobgoblin (D:1)
  A ball python (D:1)
  A goblin (D:1)
  A kobold (D:1)
8 creatures vanquished.

Grand Total: 141 creatures vanquished

Notes
Turn   | Place    | Note
-------+----------+-------------------------------------------
     0 | D:1      | Lobster4 the Mummy Necromancer began the quest for the Orb.
     0 | D:1      | Reached XP level 1. HP: 13/13 MP: 4/4
   177 | D:1      | Reached XP level 2. HP: 20/20 MP: 1/5
   372 | D:1      | Reached skill level 3 in Spellcasting
   953 | D:2      | Reached XP level 3. HP: 25/25 MP: 5/7
   957 | D:2      | Learned a level 3 spell: Vampiric Draining
   977 | D:2      | You fall into a shaft and drop 2 floors!
  1020 | D:3      | Reached skill level 1 in Fighting
  1044 | D:3      | Found a snail-covered altar of Cheibriados.
  1087 | D:3      | Found a shimmering altar of Xom.
  1350 | D:2      | Noticed Natasha
  1355 | D:2      | Killed Natasha
  1356 | D:2      | Reached skill level 1 in Armour
  1356 | D:2      | Reached XP level 4. HP: 25/32 MP: 2/9
  1863 | D:2      | Noticed Natasha
  1870 | D:2      | Killed Natasha
  1927 | D:2      | Noticed Natasha
  1934 | D:2      | Killed Natasha
  1935 | D:2      | Reached skill level 1 in Short Blades
  1935 | D:2      | Reached skill level 1 in Evocations
  2242 | D:3      | Noticed Terence
  2253 | D:2      | Reached XP level 5. HP: 17/37 MP: 7/10
  2260 | D:2      | Killed Terence
  2555 | D:3      | Reached skill level 4 in Spellcasting
  2930 | D:4      | Found an ancient bone altar of Kikubaaqudgha.
  2938 | D:4      | Found a broken altar of Ashenzari.
  2939 | D:4      | Found a shimmering blue altar of Sif Muna.
  2956 | D:4      | Found a sacrificial altar of Ru.
  3023 | D:4      | Reached XP level 6. HP: 43/43 MP: 12/12
  3108 | D:4      | Reached skill level 5 in Necromancy
  3472 | D:4      | Became a worshipper of Sif Muna the Loreminder
  3545 | D:5      | Entered Level 5 of the Dungeon
  4102 | D:5      | Reached XP level 7. HP: 48/48 MP: 9/14
  4104 | D:5      | Reached skill level 1 in Invocations
  4216 | D:5      | Reached skill level 5 in Spellcasting
  4979 | D:6      | Reached * piety under Sif Muna
  5297 | D:6      | Noticed Grinder
  5302 | D:6      | Paralysed by Grinder for 4 turns
  5321 | D:6      | Killed Grinder
  5322 | D:6      | Reached skill level 6 in Spellcasting
  5322 | D:6      | Reached XP level 8. HP: 42/54 MP: 17/17
  5723 | D:6      | Noticed a two-headed ogre
  5734 | D:6      | Killed a two-headed ogre
  5735 | D:6      | Reached skill level 8 in Spellcasting
  5820 | D:6      | Found a blossoming altar of Fedhas.
  6191 | D:6      | Noticed Prince Ribbit
  6501 | D:7      | Reached XP level 9. HP: 49/59 MP: 21/21
  6506 | D:7      | Learned a level 4 spell: Animate Dead
  6655 | D:7      | Slain by a black bear

Illustrated notes

Levels and vault maps discovered:
D:1:      doesnt_arrival_eight_statues, layout_loops_ring,
          minmay_split_cup_small
D:2:      layout_loops_ring, uniq_natasha
D:3:      layout_loops_cross, mainiacjoe_overflow_alcove_1, dk_xom_monty_hall,
          uniq_terence
D:4:      layout_rooms, minmay_overflow_temple_star_hex
D:5:      layout_loops_ring, serial_rivers, chequers_serial_rivers_small_3,
          chequers_serial_rivers_micro_c, chequers_serial_rivers_micro_c,
          chequers_serial_rivers_micro_c, chequers_serial_rivers_micro_e
D:6:      layout_gridville, kennysheep_little_box, fountainhead,
          uniq_prince_ribbit1, uniq_grinder
D:7:      layout_basic, minmay_temple_entry_junction_2, serial_bayou_ford_a

Skill      XL: |  1  2  3  4  5  6  7  8 |
---------------+-------------------------+-----
Spellcasting   | 3 4 6 8 |  8.4
Fighting       | 1 |  1.0
Dodging        | 2 |  2.0
Armour         | 1 2 3 |  3.0
Short Blades   | 1 |  1.0
Evocations     | 1 2 3 |  3.0
Necromancy     | 5 6 7 |  7.8
Invocations    | 2 3 |  3.0
Stealth        | |  1.5

Action                     |  1- 3 |  4- 6 |  7- 9 || total
---------------------------+-------+-------+-------++-------
  Melee: Short sword       |    34 |       |       ||    34
         Punch             |     2 |       |       ||     2
         Dagger            |    19 |    78 |    41 ||   138
         War axe           |     7 |       |       ||     7
  Throw: Throwing net      |       |       |     1 ||     1
   Cast: Necrotise         |    34 |    68 |    87 ||   189
         Vampiric Draining |       |       |     3 ||     3
         Animate Dead      |       |       |     2 ||     2
  Evoke: Wand              |       |    23 |     6 ||    29
    Use: Scroll            |       |     8 |     2 ||    10
   Stab: Sleeping          |     1 |       |       ||     1
 Armour: Robe              |    35 |    21 |       ||    56
         Leather armour    |       |    45 |    70 ||   115
  Dodge: Dodged            |    48 |    73 |    55 ||   176

Table legend: (Time is in decaauts)
 A = Elapsed time spent in this place.
 B = Non-inter-level travel time spent in this place.
 C = Inter-level travel time spent in this place.
 D = Time resting spent in this place.
 E = Time spent auto-exploring this place.
 F = Levels seen in this place.
 G = Mean time per level.
                   A        B        C        D        E       F      G
               +--------+--------+--------+--------+--------+-----+--------+
         Total |   6674 |   6420 |    254 |    839 |   4127 |   7 |  953.4 |
       Dungeon |   6674 |   6420 |    254 |    839 |   4127 |   7 |  953.4 |
               +--------+--------+--------+--------+--------+-----+--------+

Top non-repeatable levels by time:
     D:6: 1446 daAuts
     D:5: 1187 daAuts
     D:2: 1133 daAuts
     D:1: 903 daAuts
     D:3: 886 daAuts
     D:4: 714 daAuts
     D:7: 402 daAuts
